cohdb
Replays
Latest Replays
All Replays
Popular Replays
Top Player Replays
Match Explorer
How It Works
Community
CoH3 Stats
Reddit
Sign in to upload your games and track your stats! →
Sign in with Steam
Match 40736471
Unlisted
Match 40736471
Overview
Messages
Build Orders
End
Scout Squad
Construct Barracks
Engineer Squad
1⁄4-ton 4x4 Truck
Riflemen Squad
Riflemen Squad
Mechanized Support Center
Construct Medical Station
Construct Weapon Support Center
M3 Armored Personnel Carrier
M3 Armored Personnel Carrier
Selects Heavy Weapons
Selects Assault Carriers
Selects Halftrack Strongpoints
M1919 Machine Gun Team
Selects M2HB .50cal Heavy Machine Gun
Engineer Squad
Riflemen Squad
M1918 Browning Automatic Rifles
Grenade Package
Improvised Armor
Designate Forward Repair Station
Salvage Crew
Rapid Repairs
Riflemen Squad
Selects M26 Pershing Heavy Tank
M26 Pershing Heavy Tank
Engineer Squad
M4A1 76mm Conversion
Construct Tank Depot
FooKilla
WebsterBolek
Saevo
Haxses
0
0
Comments
sign in to comment!
No comments posted yet!